 Dungeon Crawl Stone Soup version 0.25.1-2-g60ff931df9 (webtiles) character file.

Game seed: 15394854373945252280

1879 diana the Twirler (level 8, -2/70 HPs)
             Began as a Demigod Gladiator on Sept 19, 2020.
             Slain by an orc warrior
             ... wielding a +0 glaive
              (18 damage)
             ... in a bailey.
             The game lasted 00:13:40 (7373 turns).

diana the Twirler (Demigod Gladiator)               Turns: 7373, Time: 00:13:41

Health: -2/70      AC: 16    Str: 21    XL:     8   Next: 60%
Magic:  0/10       EV: 10    Int: 12    God:
Gold:   362        SH:  0    Dex: 17    Spells: 7/7 levels left

rFire    . . .     SeeInvis .   a - +0 quarterstaff
rCold    . . .     Gourm    .   (shield currently unavailable)
rNeg     . . .     Faith    .   l - +0 chain mail
rPois    .         Spirit   +   c - +0 helmet
rElec    .         Reflect  .   (no cloak)
rCorr    .         Harm     .   v - +0 pair of gloves
MR       +....                  B - +0 pair of boots
Stlth    ..........             u - amulet of guardian spirit
HPRegen  0.21/turn              j - ring of protection from magic
MPRegen  0.12/turn              t - ring of flight (curse)

@: no status effects
A: molten scales 1, blink, high mp 1, shaggy fur 1
a: Blink, Evoke Flight


You were in a bailey.
You were near starving.

You visited 1 branch of the dungeon, and saw 7 of its levels.
You also visited: Bailey.

You collected 362 gold pieces.

Inventory:

Hand Weapons
 a - a +0 quarterstaff (weapon)
Missiles
 d - 3 throwing nets (quivered)
Armour
 b - a +0 leather armour
 c - a +0 helmet (worn)
 l - a +0 chain mail (worn)
 v - a +0 pair of gloves (worn)
 B - a +0 pair of boots (worn)
Jewellery
 j - a ring of protection from magic (left hand)
 q - an uncursed ring of ice
 t - a cursed ring of flight (right hand)
 u - an amulet of guardian spirit (around neck)
Wands
 k - a wand of polymorph (4)
 r - a wand of digging (4)
Scrolls
 e - 2 scrolls of amnesia
 g - 2 scrolls of enchant weapon {unknown}
 i - 4 scrolls of remove curse
 n - 2 scrolls of magic mapping
 o - a scroll of noise {unknown}
 w - a scroll of random uselessness {unknown}
 x - a scroll of teleportation
 y - 2 scrolls of identify
Potions
 h - 7 potions of degeneration
 m - a potion of magic
 p - 2 potions of brilliance
 s - 3 potions of curing
 z - 2 potions of mutation
Comestibles
 f - 8 rations


   Skills:
 + Level 5.8 Fighting
 + Level 6.2 Staves
 - Level 1.7 Throwing
 + Level 5.4 Armour
 - Level 5.0 Dodging


You had 7 spell levels left.
You didn't know any spells.
Your spell library contained the following spells:

 Spells                   Type           Power        Failure   Level  Hunger
 Animate Skeleton         Necr           N/A          95%         1    ##.....
 Apportation              Tloc           #.....       95%         1    ##.....
 Corona                   Hex            #......      95%         1    ##.....
 Summon Small Mammal      Summ           #...         95%         1    ##.....


Dungeon Overview and Level Annotations

Branches:
Dungeon (7/15)             Temple (0/1) D:5          Bailey (1/1)

Shops:
D:6 (


Innate Abilities, Weirdness & Mutations

You have an increased reservoir of magic. (+10% MP)
You are partially covered in molten scales. (AC +2)
You can translocate small distances at will.
You are covered in fur. (AC +1)


Message History

The orc warrior hits you from afar with a +0 glaive.
The orc closely misses you. The orc warrior closely misses you.
The orc hits you from afar with a +0 halberd.
* * * LOW HITPOINT WARNING * * *
The orc warrior closely misses you. The orc barely misses you.
Why would you want to do that?
The orc warrior hits you but does no damage.
The orc warrior hits you from afar with a +0 glaive!
* * * LOW HITPOINT WARNING * * *
The orc warrior closely misses you.
You hit the orc warrior but do no damage.
The orc warrior is heavily wounded.
The orc warrior hits you from afar with a +0 glaive.
* * * LOW HITPOINT WARNING * * *
The orc warrior barely misses you.
The orc warrior hits you but does no damage.
The orc warrior hits you but does no damage.
The orc warrior hits you from afar with a +0 glaive!!
You die...

#.≈..## #.≈≈..##
#∩.≈≈..# ##.≈≈..#
#.≈≈..## #.≈..##
#.≈.## ..
#.≈.########## ##'
#@≈oo.o......## ..
#.≈≈≈≈≈≈≈≈≈≈..##.∩
#..o.......≈≈..##
##########..≈≈..##
##..≈≈o.. ##..≈≈≈≈
##..... ######


You could see 3 orc warriors and an orc.

Vanquished Creatures
  Grinder (D:5)
  Menkaure (D:6)
  A sky beast (D:5)
  2 ice beasts
  2 ogres
  A phantom (D:5)
  A centaur (D:6)
  3 scorpions
  A howler monkey (D:5)
  A crimson imp (D:6)
  4 hounds
  2 orc priests
  3 jellies
  2 orc wizards (D:4)
  A centaur skeleton (D:4)
  An iguana (D:4)
  2 hound skeletons
  A hound zombie (D:5)
  Robin (D:3)
  2 worker ant zombies
  6 adders
  6 gnolls
  2 shadow imps
  An ooze (D:3)
  An adder skeleton (D:5)
  3 worms (D:3)
  A dart slug (D:3)
  3 leopard geckos
  14 orcs
  5 giant cockroaches
  22 goblins
  6 hobgoblins
  16 jackals
  2 quokkas
  2 ball pythons
  5 bats
  A frilled lizard (D:1)
  A jackal zombie (D:6)
  7 kobolds
  13 rats
150 creatures vanquished.

Notes
Turn   | Place    | Note
-------+----------+-------------------------------------------
     0 | D:1      | diana the Demigod Gladiator began the quest for the Orb.
     0 | D:1      | Reached XP level 1. HP: 17/17 MP: 3/3
   392 | D:1      | Reached XP level 2. HP: 24/24 MP: 4/4
   696 | D:1      | Reached skill level 3 in Staves
   970 | D:1      | Reached skill level 1 in Armour
  1144 | D:2      | Found a stormy altar of Qazlal.
  1214 | D:2      | Reached XP level 3. HP: 29/29 MP: 5/5
  1711 | D:3      | Reached XP level 4. HP: 27/37 MP: 6/6
  2189 | D:3      | You fall into a shaft and drop 3 floors!
  2201 | D:6      | Noticed Menkaure
  2239 | D:5      | Entered Level 5 of the Dungeon
  2248 | D:5      | Noticed an ice beast
  2263 | D:4      | Noticed an ogre
  2269 | D:5      | Noticed Grinder
  2507 | D:3      | Reached XP level 5. HP: 44/44 MP: 7/7
  2548 | D:3      | Noticed Robin
  2570 | D:3      | Killed Robin
  3740 | D:4      | Reached XP level 6. HP: 39/51 MP: 8/8
  3878 | D:3      | Reached skill level 4 in Staves
  4685 | D:4      | Reached XP level 7. HP: 40/58 MP: 9/9
  5309 | D:5      | Reached skill level 5 in Staves
  5309 | D:5      | Reached skill level 5 in Dodging
  5439 | D:5      | Found a staircase to the Ecumenical Temple.
  5544 | D:5      | Paralysed by Grinder for 2 turns
  5565 | D:5      | Gained mutation: You are covered in fur. (AC +1) [potion of
                  | mutation]
  5565 | D:5      | Gained mutation: You are partially covered in molten
                  | scales. (AC +2) [potion of mutation]
  5565 | D:5      | Gained mutation: You can translocate small distances at
                  | will. [potion of mutation]
  5574 | D:5      | Killed Grinder
  5574 | D:5      | Reached skill level 5 in Fighting
  5574 | D:5      | Reached XP level 8. HP: 25/68 MP: 10/10
  6071 | D:6      | Found Meijiv's Antique Weapon Boutique.
  6561 | D:6      | Reached skill level 5 in Armour
  6570 | D:6      | Reached skill level 6 in Staves
  6586 | D:6      | Killed Menkaure
  7058 | D:7      | Found a flagged portal.
  7184 | Bailey   | Entered a bailey
  7373 | Bailey   | Slain by an orc warrior

Illustrated notes

Levels and vault maps discovered:
D:1:      lightli_iron_boxes, layout_basic, minmay_misc_feat_iff
D:2:      layout_loops_ring, grunt_qazlal_clouds, first_ration
D:3:      layout_rooms, uniq_robin
D:4:      layout_rooms
D:5:      layout_basic, minmay_temple_entry_antechambers, st_stairs_14,
          uniq_grinder
D:6:      layout_loops_ring, serial_shops, kennysheep_little_box, uniq_menkaure
D:7:      layout_loops_ring, enter_bailey_7, trog_butcher_becter, uniq_maggie,
          uniq_duvessa
Bailey:   bailey_polearm_1, bailey

Skill      XL: |  1  2  3  4  5  6  7  8 |
---------------+-------------------------+-----
Fighting       | 2 3 5 |  5.8
Staves         | 3 4 5 6 |  6.2
Dodging        | 3 4 5 |  5.0
Armour         | 1 2 3 4 5 |  5.4
Throwing       | |  1.7

Action                   |  1- 3 |  4- 6 |  7- 9 || total
-------------------------+-------+-------+-------++-------
Melee: Quarterstaff      |   130 |   243 |   228 ||   601
  Use: Scroll            |       |     6 |     4 ||    10
       Potion            |       |     4 |     3 ||     7
  Eat: Chunk             |     3 |     5 |     8 ||    16
       Ration            |       |     1 |       ||     1
Armor: Leather armour    |    12 |       |       ||    12
       Chain mail        |    78 |   184 |   156 ||   418
       Skin              |       |       |     3 ||     3
Dodge: Dodged            |    78 |   154 |   159 ||   391
